 Dungeon Sprint DCSS version 0.26-a0-1147-g3780a7a11b (webtiles) character file.

Game seed: 7142952010089653298

2438 rocky1 the Earth Mage (level 9, -22/57 HPs)
             Began as a Formicid Earth Elementalist on Dec 23, 2020.
             Was the Champion of Cheibriados.
             Annihilated by a death cob (26 damage)
             ... in the Dungeon (Sprint VII: "The Pits").
             The game lasted 00:06:18 (1680 turns).

rocky1 the Earth Mage (Formicid Earth Elementalist) Turns: 1680, Time: 00:06:18

Health: -22/57     AC:  4    Str: 27    XL:     9   Next: 77%
Magic:  24/24      EV: 19    Int: 34    God:    Cheibriados [******]
Gold:   0          SH:  0    Dex: 26    Spells: 18/31 levels left

rFire    . . .     SeeInvis +   k - +0 quarterstaff (protect)
rCold    . . .     Faith    .   (no shield)
rNeg     . . .     Spirit   .   j - +0 leather armour
rPois    .         Reflect  .   (helmet unavailable)
rElec    .         Harm     .   p - +0 cloak
rCorr    .         Rampage  .   (no gloves)
Will     .....                  (no boots)
Stlth    +++.......             (no amulet)
HPRegen  0.19/turn              m - +3 ring of evasion
MPRegen  0.19/turn              l - +3 ring of evasion

@: very slow
A: permanent stasis, dig shafts and tunnels, four strong arms, antennae 3
a: Dig, Renounce Religion, Bend Time, Temporal Distortion, Slouch, Step From
Time


You were in the Dungeon.
You worshipped Cheibriados.
Cheibriados was exalted by your worship.
You visited 1 branch

Inventory:

Hand Weapons
 c - a +2 dire flail of protection
 k - a +0 quarterstaff of protection (weapon)
Missiles
 b - 20 stones (quivered)
Armour
 j - a +0 leather armour (worn)
 p - a +0 cloak (worn)
Jewellery
 l - a +3 ring of evasion (right hand)
 m - a +3 ring of evasion (left hand)
Scrolls
 g - 3 scrolls of remove curse
 h - 5 scrolls of amnesia
 i - a scroll of summoning
Potions
 a - 2 potions of invisibility
 d - 7 potions of curing
 e - 10 potions of heal wounds
 f - 4 potions of magic
 n - 2 potions of might
 o - 4 potions of mutation


   Skills:
 - Level 1.7 Dodging
 - Level 2.4 Stealth
 + Level 11.7 Spellcasting
 - Level 1.1 Transmutations
 + Level 15.7 Earth Magic
 + Level 13.3 Invocations


You had 18 spell levels left.
You knew the following spells:

 Your Spells              Type           Power        Failure   Level
a - Sandblast             Erth           100%         0%          1
b - Stone Arrow           Conj/Erth      100%         1%          3
c - Lee's Rapid Deconstr  Erth           45%          1%          5
d - Petrify               Tmut/Erth      67%          1%          4

Your spell library contained the following spells:

 Spells                   Type           Power        Failure   Level
 Passwall                 Tmut/Erth      55%          1%          2


Dungeon Overview and Level Annotations

Branches:
Dungeon (1/1)

Altars:
Ashenzari
Cheibriados
Dithmenos
Elyvilon
Fedhas
Gozag
Hepliaklqana
Kikubaaqudgha
Makhleb
Nemelex Xobeh
Okawaru
Qazlal
Ru
Sif Muna
Trog
Uskayaw
Vehumet
Wu Jian
Xom
Yredelemnul
Zin
The Shining One
Beogh
Jiyva
Lugonu


Innate Abilities, Weirdness & Mutations

You cannot be hasted, slowed, berserked, paralysed or teleported.
You can dig through walls and to a lower floor.
Your four strong arms can wield two-handed weapons with a shield.
You have a pair of large antennae on your head. (SInv)


Message History

You hit the yak.
Your weapon exudes an aura of protection.
You kill the yak!
Cheibriados thoroughly appreciates the change of pace.
Unknown command.
You start resting.
HP restored.
You start resting.
Magic restored.
You start waiting.
Done waiting.
You see here a yak skeleton.
A kobold comes into view. It is wielding a +0 whip.
A death cob comes into view.
The death cob gives a chilling moan.
The kobold shouts!
The death cob hits you!! The death cob barely misses you.
The death cob closely misses you. The death cob hits you!!
* * * LOW HITPOINT WARNING * * *
The death cob hits you!!
You die...

{
#++###########
#.............
#.....@zK.....
{{
#..###########
{{ #..# {{
#..# ## {{
#..# {{ .#
#..# .# #..# {
.# #..#
.##########..#


You could see a death cob and a kobold.

Vanquished Creatures
  A manticore (D)
  A smoke demon (D)
  A cane toad (D)
  A freezing wraith (D)
  A hornet (D)
  A tarantella (D)
  3 yaks (D)
  A sky beast (D)
  A black bear (D)
  A centaur (D)
  A jelly (D)
  A hound (D)
  A gnoll shaman (D)
  An iguana (D)
  A worker ant (D)
  3 gnolls (D)
  An adder (D)
  A river rat (D)
  A worm (D)
  An orc (D)
  A ball python (D)
  A bat zombie (D)
  2 giant cockroaches (D)
  4 jackals (D)
  A quokka (D)
  A rat (D)
34 creatures vanquished.

Notes
Turn   | Place    | Note
-------+----------+-------------------------------------------
     0 | D        | rocky1 the Formicid Earth Elementalist began the quest for
                  | the Orb.
     0 | D        | Reached XP level 1. HP: 13/13 MP: 3/3
    13 | D        | Reached skill level 4 in Earth Magic
    18 | D        | Found a bloodstained altar of Trog.
    18 | D        | Found a shimmering blue altar of Sif Muna.
    18 | D        | Found a viscous altar of Jiyva.
    18 | D        | Found a hazy altar of Hepliaklqana.
    18 | D        | Found an opulent altar of Gozag.
    19 | D        | Found a glowing golden altar of the Shining One.
    19 | D        | Found a glowing silver altar of Zin.
    19 | D        | Found a basalt altar of Yredelemnul.
    19 | D        | Found a shimmering altar of Xom.
    19 | D        | Found an ornate altar of the Wu Jian Council.
    19 | D        | Found a sacrificial altar of Ru.
    19 | D        | Found a stormy altar of Qazlal.
    19 | D        | Found an iron altar of Okawaru.
    19 | D        | Found a sparkling altar of Nemelex Xobeh.
    19 | D        | Found a burning altar of Makhleb.
    19 | D        | Found a blossoming altar of Fedhas.
    19 | D        | Found a white marble altar of Elyvilon.
    19 | D        | Found a shadowy altar of Dithmenos.
    19 | D        | Found a snail-covered altar of Cheibriados.
    22 | D        | Found a corrupted altar of Lugonu.
    22 | D        | Found a radiant altar of Vehumet.
    22 | D        | Found a roughly hewn altar of Beogh.
    23 | D        | Found an ancient bone altar of Kikubaaqudgha.
    23 | D        | Found a hide-covered altar of Uskayaw.
    23 | D        | Found a broken altar of Ashenzari.
    30 | D        | Became a worshipper of Cheibriados the Contemplative
    75 | D        | Reached skill level 5 in Earth Magic
    91 | D        | Reached * piety under Cheibriados
    94 | D        | Reached ** piety under Cheibriados
    95 | D        | Reached XP level 2. HP: 12/19 MP: 1/5
    96 | D        | Reached skill level 6 in Earth Magic
   102 | D        | Reached *** piety under Cheibriados
   103 | D        | Reached skill level 7 in Earth Magic
   269 | D        | Reached skill level 8 in Earth Magic
   269 | D        | Reached XP level 3. HP: 7/24 MP: 3/6
   476 | D        | Reached **** piety under Cheibriados
   477 | D        | Reached skill level 9 in Earth Magic
   479 | D        | Reached XP level 4. HP: 30/30 MP: 3/7
   550 | D        | Learned a level 3 spell: Stone Arrow
   556 | D        | Noticed a sky beast
   559 | D        | Killed a sky beast
   559 | D        | Reached ***** piety under Cheibriados
   560 | D        | Reached skill level 5 in Spellcasting
   560 | D        | Reached skill level 10 in Earth Magic
   560 | D        | Reached skill level 5 in Invocations
   560 | D        | Reached XP level 5. HP: 35/35 MP: 3/12
   566 | D        | Reached skill level 11 in Earth Magic
   566 | D        | Reached XP level 6. HP: 37/41 MP: 2/14
   666 | D        | Learned a level 5 spell: Lee's Rapid Deconstruction
   671 | D        | Learned a level 4 spell: Petrify
   790 | D        | Noticed a black bear
   791 | D        | Killed a black bear
   791 | D        | Reached ****** piety under Cheibriados
   836 | D        | Noticed a manticore
   838 | D        | Killed a manticore
   839 | D        | Reached skill level 13 in Earth Magic
   839 | D        | Reached XP level 7. HP: 28/46 MP: 5/19
   963 | D        | Reached XP level 8. HP: 52/52 MP: 14/20
   995 | D        | Noticed a freezing wraith
   995 | D        | Noticed a cane toad
   997 | D        | Killed a cane toad
   998 | D        | Reached skill level 10 in Invocations
  1000 | D        | Killed a freezing wraith
  1001 | D        | Reached skill level 10 in Spellcasting
  1001 | D        | Reached skill level 14 in Earth Magic
  1255 | D        | Noticed a hornet
  1257 | D        | Killed a hornet
  1258 | D        | Reached XP level 9. HP: 57/57 MP: 12/23
  1428 | D        | Noticed a smoke demon
  1430 | D        | Killed a smoke demon
  1431 | D        | Reached skill level 15 in Earth Magic
  1678 | D        | Noticed a death cob
  1680 | D        | Annihilated by a death cob

Illustrated notes

Levels and vault maps discovered:
D:        pitsprint [storerooms_1, entrance_room_1, metal_vault_2, armoury_1,
          mini_pit_1, grid_room_1, main_hall_1, silver_pit, the_coven_1,
          the_vestibule_1, steel_vault_2, golden_pit, hallway_of_sentries,
          crystal_vault_2, iron_vault_2, final_vault]

Skill      XL: |  1  2  3  4  5  6  7  8  9 |
---------------+----------------------------+-----
Earth Magic    | 5 8 9 10 11 13 14 15 | 15.7
Spellcasting   | 5 8 10 11 | 11.7
Invocations    | 5 9 12 13 | 13.3
Dodging        | |  1.7
Stealth        | |  2.4
Transmutations | |  1.1

Action                   |  1- 3 |  4- 6 |  7- 9 || total
-------------------------+-------+-------+-------++-------
Melee: Quarterstaff      |     8 |     2 |     3 ||    13
 Cast: Sandblast         |    12 |     8 |       ||    20
       Lee's Rapid Decon |       |     3 |    12 ||    15
Armor: Robe              |     1 |     1 |       ||     2
       Leather armour    |       |       |     3 ||     3
Dodge: Dodged            |     8 |     4 |    11 ||    23

Table legend: (Time is in decaauts)
 A = Elapsed time spent in this place.
 B = Non-inter-level travel time spent in this place.
 C = Inter-level travel time spent in this place.
 D = Time resting spent in this place.
 E = Time spent auto-exploring this place.
 F = Levels seen in this place.
 G = Mean time per level.
                   A        B        C        D        E       F      G
               +--------+--------+--------+--------+--------+-----+--------+
         Total |   1936 |   1936 |      0 |   1218 |      0 |   1 | 1936.0 |
       Dungeon |   1936 |   1936 |      0 |   1218 |      0 |   1 | 1936.0 |
               +--------+--------+--------+--------+--------+-----+--------+

Top non-repeatable levels by time:
       D: 1936 daAuts
